 Dungeon Crawl Stone Soup version 0.29.1-1-gd02db6906a (webtiles) character file.

Game seed: 18046285289078154011

53 fireball365 the Digger (level 3, 0/26 HPs)
             Began as a Demigod Earth Elementalist on Oct 5, 2022.
             Slain by a goblin
             ... wielding a +0 dagger
             ... led by Robin
              (2 damage)
             ... on level 2 of the Dungeon.
             The game lasted 00:06:48 (1274 turns).

fireball365 the Digger (Demigod Earth Elementalist) Turns: 1274, Time: 00:06:52

Health: 0/26       AC:  9    Str: 13    XL:     3   Next: 42%
Magic:  8/9        EV:  6    Int: 17    God:
Gold:   26         SH:  0    Dex: 14    Spells: 5/6 levels left

rFire   . . .      SeeInvis .   f - +1 short sword (speed)
rCold   . . .      Faith    .   (no shield)
rNeg    . . .      Spirit   .   g - +0 chain mail
rPois   .          Reflect  .   (no helmet)
rElec   .          Harm     .   (no cloak)
rCorr   .          Rampage  .   j - +0 pair of gloves
Will    .....                   (no boots)
Stlth   ..........              h - amulet of magic regeneration
HPRegen 0.08/turn               l - ring of flight
MPRegen 0.51/turn               (no ring)

@: flying
A: high MP 1, forlorn, divine attributes
a: no special abilities


You were on level 2 of the Dungeon.
You visited 1 branch of the dungeon, and saw 2 of its levels.

You collected 26 gold pieces.

Inventory:

Hand Weapons
 f - a +1 short sword of speed (weapon)
Missiles
 e - 3 stones
Armour
 a - a +0 chain mail
 g - a +0 chain mail (worn)
 j - a +0 pair of gloves (worn)
 k - a +0 scale mail
Jewellery
 h - an amulet of magic regeneration (around neck)
 l - a ring of flight (left hand)
Potions
 b - a potion of magic
 d - a potion of attraction


   Skills:
 + Level 0.6 Short Blades
 + Level 0.6 Armour
 + Level 2.0 Dodging
 + Level 1.9 Stealth
 + Level 2.3 Spellcasting
 + Level 0.8 Transmutations
 + Level 3.4 Earth Magic


You had 5 spell levels left.
You knew the following spells:

 Your Spells              Type           Power      Damage    Failure   Level
a - Sandblast             Erth           26%        2d8       86%         1

Your spell library contained the following spells:

 Spells                   Type           Power      Damage    Failure   Level
 Passwall                 Tmut/Erth      7%         N/A       99%         2
 Stone Arrow              Conj/Erth      14%        3d7       100%        3
 Petrify                  Tmut/Erth      9%         N/A       100%        4


Dungeon Overview and Level Annotations

Branches:
Dungeon (2/15)

Annotations:
D:2 Robin


Innate Abilities, Weirdness & Mutations

You have an increased reservoir of magic. (+10% MP)
You shall have no god before yourself.
Your divine heritage dramatically boosts your attributes as you level up.


Message History

You hit the rat.
You kill the rat!
Robin hits you but does no damage.
You hit Robin.
Robin is heavily wounded.
The hobgoblin is attracted toward you. The goblin is attracted toward you.
You barely miss the hobgoblin. Robin hits you but does no damage.
The hobgoblin closely misses you.
You hit the hobgoblin.
The hobgoblin is almost dead.
Robin hits you but does no damage. The goblin is attracted toward you.
The hobgoblin is attracted toward you. Robin attacks as you move away!
Robin hits you but does no damage. The goblin is attracted toward you.
The hobgoblin is attracted toward you. Robin attacks as you move away!
Robin closely misses you. The hobgoblin attacks as you move away!
The hobgoblin hits you but does no damage.
The goblin is attracted toward you. The hobgoblin is attracted toward you.
You hit the hobgoblin.
You kill the hobgoblin!
Robin hits you with a +0 short sword.
* * * LOW HITPOINT WARNING * * *
The goblin attacks as you move away! The goblin hits you with a +0 dagger.
* * * LOW HITPOINT WARNING * * *
You feel less attractive to monsters.
You see here a frilled lizard skeleton.
You hit the hobgoblin but do no damage.
The hobgoblin hits you but does no damage.
Robin throws the goblin at you! The goblin hits you with a +0 dagger.
* * * LOW HITPOINT WARNING * * *
You are too injured to fight recklessly!
Casting: Sandblast (safe; 86% risk of failure)
Confirm with . or Enter, or press ? or * to list all spells.
Aiming: Sandblast (safe; 86% risk of failure)
Press: ? - help, Shift-Dir - straight line, f - Robin
Aim: Robin, wielding a +0 short sword, wearing a +0 animal skin and wearing a +0 helmet (heavily wounded, 87% to hit)
The blast of sand hits the hobgoblin!
You kill the hobgoblin!
The goblin hits you with a +0 dagger.
You die...

*,*,,,,..>.###§# *,*
***,*,,,,........# *,*
,,*,*****##..###)# *,*
*,*,****###.####.# *,*
*,,,,,,,.......§§# *,*
***,,,,,.........##########*,****
*******##.###.g<÷....>...,,,,,,
#,* ##.##########*,**** *,* #@#
*,* *,* #g# *,* *,* #.# *,****
*,* *#.#* *,,,,, *,**#...#******
****** *,,.......,,,,* **
**##.....##**,** *, #.#....,,,,,*
*, #.###.##**,,* *,


You could see Robin and a goblin (strong).

Vanquished Creatures
  A dart slug (D:2)
  5 bats
  5 endoplasms
  2 giant cockroaches
  10 goblins
  6 hobgoblins
  3 quokkas
  7 ball pythons
  2 frilled lizards
  2 kobolds
  3 rats
46 creatures vanquished.

Notes
Turn   | Place    | Note
-------+----------+-------------------------------------------
     0 | D:1      | fireball365 the Demigod Earth Elementalist began the quest
                  | for the Orb.
     0 | D:1      | Reached XP level 1. HP: 14/14 MP: 5/5
   222 | D:1      | Reached skill level 3 in Earth Magic
   233 | D:1      | Reached XP level 2. HP: 19/20 MP: 1/7
  1028 | D:2      | Reached XP level 3. HP: 14/26 MP: 9/9
  1199 | D:2      | Noticed Robin
  1274 | D:2      | Slain by a goblin

Illustrated notes

Levels and vault maps discovered:
D:1:      minmay_arrival_doors, layout_basic, minmay_strange_pillars
D:2:      layout_loops_ring, hellmonk_ecumenical_altar_watching_god, uniq_robin

Skill      XL: |  1  2 |
---------------+-------+-----
Earth Magic    | 3 |  3.4
Spellcasting   | 2 |  2.3
Dodging        | 2 |  2.0
Short Blades   | |  0.6
Armour         | |  0.6
Stealth        | |  1.9
Transmutations | |  0.8

Action                   || total
-------------------------++-------
Melee: Short sword       ||   112
       Punch             ||     4
 Cast: Sandblast         ||    20
  Use: Scroll            ||     2
       Potion            ||     2
Armor: Robe              ||     3
       Chain mail        ||    82
Dodge: Dodged            ||    43
